 Dungeon Crawl Stone Soup version 0.17-a0-1954-g0dddeaa (webtiles) character file.

96 BarneyGumball the Sneak (level 4, -1/34 HPs)
             Began as a Vampire Monk on Oct 3, 2015.
             Killed from afar by an orc wizard (5 damage)
             ... with a magic dart
             ... on level 3 of the Dungeon.
             The game lasted 00:14:18 (2802 turns).

BarneyGumball the Sneak (Vampire Monk)              Turns: 2802, Time: 00:14:19

Health: -1/34      AC:  2    Str: 10    XL:     4   Next: 41%
Magic:  4/4        EV: 14    Int: 12    God:
Gold:   108        SH:  0    Dex: 17    Spells: 0 memorised, 3 levels left

rFire  . . .     SeeInvis +     q - +0 dagger
rCold  + . .     Clarity  .     a - +0 robe
rNeg   + + +     SustAt   .     (no shield)
rPois  +         Gourm    .     (no helmet)
rElec  .         Spirit   .     (no cloak)
rCorr  .         Warding  +     (no gloves)
rMut   .         Stasis   .     (no boots)
MR     .....                    l - amulet of warding
Stlth  ++++......               (no ring)
                                (no ring)

@: regenerating slowly, not resistant to hostile enchantments, stealthy
A: fangs 3, see invisible, unbreathing
a: Bat Form


You were on level 3 of the Dungeon.
You were thirsty.

You visited 1 branch of the dungeon, and saw 3 of its levels.

You collected 108 gold pieces.

Inventory:

Hand weapons
 q - a +0 dagger (weapon)
Armour
 a - a +0 robe (worn)
Jewellery
 l - an amulet of warding (around neck)
Scrolls
 d - 2 scrolls of teleportation {unknown}
 f - a scroll of identify {unknown}
 h - a scroll of enchant weapon {unknown}
 k - a scroll of recharging {unknown}
 o - a scroll of magic mapping {unknown}
 p - a scroll of fog {unknown}
 t - a scroll of noise {unknown}
Potions
 b - 2 potions of blood
 c - a potion of invisibility
 e - a potion of heal wounds {unknown}
 g - a potion of curing
 i - a potion of ambrosia {unknown}
 j - a potion of cure mutation {unknown}
 m - a potion of agility
 n - a potion of magic {unknown}
 r - a potion of brilliance {unknown}
 s - a potion of lignification {unknown}


   Skills:
 - Level 2.6 Fighting
 + Level 0.4 Short Blades
 + Level 4.0 Dodging
 * Level 6.5 Stealth
 - Level 4.3 Unarmed Combat


You had 3 spell levels left.
You didn't know any spells.

Dungeon Overview and Level Annotations

Branches:
Dungeon (3/15)

Altars:

Annotations:
D:3 Robin


Innate Abilities, Weirdness & Mutations

You heal slowly.
You have razor-sharp teeth.
You have supernaturally acute eyesight.
You can survive without breathing.


Message History

The orc wizard is moderately wounded.
The orc wizard misses you. The orc closely misses you.
The orc barely misses you.
You closely miss the orc wizard.
The orc wizard is moderately wounded.
You are feeling very thirsty.
The orc wizard gestures at you while chanting.
You resist with some effort. The orc barely misses you. The orc hits you.
* * * LOW HITPOINT WARNING * * *
You miss the orc wizard.
The orc wizard is moderately wounded.
The orc wizard barely misses you. The orc barely misses you. The orc hits you.
* * * LOW HITPOINT WARNING * * *
You hit the orc wizard but do no damage.
You bite the orc wizard.
You draw the orc wizard's blood!
You feel better.
You are feeling thirsty.
The orc wizard is moderately wounded.
The orc wizard casts a spell at you. The magic dart hits you!
You die...

### #.......# ## ..# #...)...# #.
..##### #.......# #. ..#...# ###
#.....# #. ..#...#
#.#######.....## #.
###...###......#.......#########.
#...............................
#............#.o........>.....#
#.##........o@o...(...........
####.............................
....รท)..........####.............
.#####......##### ##########...#
..........)..# #####
............## # ......).....#####
# .............#.P## #
...............PP# ####


You could see an orc wizard and 2 orcs.

Vanquished Creatures
  Jessica (D:3)
  An ooze (D:1)
  2 worms
  2 giant geckos (D:3)
  2 ball pythons (D:3)
  4 giant cockroaches
  6 hobgoblins
  4 jackals (D:2)
  7 bats
  5 giant newts
  12 goblins
  6 kobolds
  6 rats
58 creatures vanquished.

Notes
Turn   | Place    | Note
--------------------------------------------------------------
     0 | D:1      | BarneyGumball the Vampire Monk began the quest for the Orb.
     0 | D:1      | Reached XP level 1. HP: 17/17 MP: 1/1
   192 | D:1      | Reached XP level 2. HP: 21/23 MP: 2/2
   732 | D:2      | Reached skill level 5 in Stealth
   773 | D:2      | Reached XP level 3. HP: 28/28 MP: 3/3
  1316 | D:3      | Noticed Robin
  2180 | D:3      | Reached skill level 6 in Stealth
  2464 | D:3      | Reached XP level 4. HP: 34/34 MP: 4/4
  2467 | D:3      | Noticed Jessica
  2580 | D:3      | Killed Jessica
  2802 | D:3      | Killed from afar by an orc wizard

Vault maps used:
D:1:      grunt_arrival_lava_bath
D:2:      gammafunk_temple_overflow_wave
D:3:      nicolae_overflow_hidden_temple, first_bread, uniq_crazy_yiuf_cottage,
          uniq_robin, uniq_jessica

Action                   |  1- 3 |  4- 6 || total
-------------------------+-------+-------++-------
Melee: Unarmed           |   182 |       ||   182
       Dagger            |    11 |    56 ||    67
  Use: Potion            |     2 |       ||     2
 Stab: Sleeping          |    13 |     1 ||    14
       Distracted        |     1 |       ||     1
  Eat: Corpse            |     5 |       ||     5
